 Dungeon Crawl Stone Soup version 0.30-a0-1066-g63dfefce0d (webtiles) character file.

Game seed: 1178999336264504733

34 Hubris850 the Sneak (level 3, -1/24 HPs)
             Began as a Vampire Enchanter on Apr 12, 2023.
             Succumbed to an adder's poison
             ... on level 2 of the Dungeon.
             The game lasted 00:01:52 (1039 turns).

Hubris850 the Sneak (Vampire Enchanter)             Turns: 1039, Time: 00:01:53

Health: -1/24      AC:  3    Str: 13    XL:     3   Next: 14%
Magic:  6/6        EV: 13    Int: 17    God:
Gold:   59         SH:  0    Dex: 16    Spells: 6/6 levels left

rFire   . . .      SeeInvis +    a - +1 dagger
rCold   . . .      Faith    .    (no shield)
rNeg    . . .      Spirit   .    b - +0 robe
rPois   .          Reflect  .    j - +0 helmet
rElec   .          Rampage  .    (no cloak)
rCorr   .                        (no gloves)
Will    .....                    (no boots)
Stlth   +++                      (no amulet)
HPRegen 0.44/turn                k - +6 ring of strength
MPRegen 0.10/turn                (no ring)

@: lethally poisoned (-1 -> -8), healing quickly
A: alive, fangs 3, see invisible, vampiric 2
a: Exsanguinate


You were on level 2 of the Dungeon.
You visited 1 branch of the dungeon, and saw 2 of its levels.

You collected 59 gold pieces.

Inventory:

Hand Weapons
 a - a +1 dagger (weapon)
Missiles
 g - 5 boomerangs (quivered)
Armour
 b - a +0 robe (worn)
 j - a +0 helmet (worn)
Jewellery
 k - a +6 ring of strength (left hand)
Scrolls
 f - a scroll of identify {unknown}
 h - a scroll of blinking {unknown}
 i - 2 scrolls of teleportation {unknown}
Potions
 c - 2 potions of invisibility
 d - a potion of mutation {unknown}
 e - a potion of berserk rage {unknown}
 l - a potion of haste {unknown}


   Skills:
 + Level 2.1 Short Blades
 + Level 2.9 Dodging
 + Level 5.2 Stealth
 - Level 2.0 Spellcasting
 - Level 4.4 Hexes


You had 6 spell levels left.
You didn't know any spells.
Your spell library contained the following spells:

 Spells                   Type           Power      Damage    Failure   Level
 Confusing Touch          Hex            16%        N/A       10%         3
 Tukima's Dance           Hex            16%        N/A       10%         3
 Ensorcelled Hibernation  Hex/Ice        18%        N/A       12%         2
 Dazzling Flash           Conj/Hex       18%        N/A       24%         3


Dungeon Overview and Level Annotations

Branches:
Dungeon (2/15)

Altars:


Innate Abilities, Weirdness & Mutations

Your natural rate of healing is accelerated.
You have razor-sharp teeth.
You have supernaturally acute eyesight. (SInv)
You are afflicted with vampirism and can become a bat while bloodless.


Message History

The bat misses you. The bat barely misses you.
You barely miss the bat. The bat hits you but does no damage.
You hit the bat.
You kill the bat!
No target in view!
An adder comes into view.
You hit the adder but do no damage. Your bite misses the adder.
The adder bites you. x2
You are poisoned.
The adder poisons you!
You miss the adder.
You feel sick. The adder barely misses you.
You miss the adder.
You feel sick. The adder bites you.
You barely miss the adder.
You feel sick. The adder bites you.
You are more poisoned.
The adder poisons you!
You hit the adder.
The adder is moderately wounded.
You feel sick. The adder misses you.
You are too injured to fight recklessly!
You are too injured to fight recklessly!
You are too injured to fight recklessly!
You are too injured to fight recklessly!
You hit the adder but do no damage.
The adder is moderately wounded.
You feel sick. The adder bites you.
You closely miss the adder.
The adder is moderately wounded.
You feel sick. The adder bites you.
* * * LOW HITPOINT WARNING * * *
You barely miss the adder.
The adder is moderately wounded.
You feel sick. The adder bites you.
* * * LOW HITPOINT WARNING * * *
The adder bites you.
* * * LOW HITPOINT WARNING * * *
You are more poisoned.
The adder poisons you!
You hit the adder.
The adder is heavily wounded.
You die...

.# .# .# .#########
.......... .#.###### .#.#
.#.# ###.#############
.#.####.#......S@........#
.#......#.##.##########.##
.#.####.# #.# .#......#.#
#.# #.######.# #.#
+#.######.# #.#
...##.....# #.#
...##.....# #.#
†..##.....##.# #.#


You could see an adder.

Vanquished Creatures
  3 endoplasms (D:1)
  3 hobgoblins (D:1)
  4 jackals (D:1)
  2 quokkas
  A ball python (D:2)
  4 bats
  A frilled lizard (D:1)
  A goblin (D:1)
  7 kobolds
  6 rats (D:1)
32 creatures vanquished.

Notes
Turn   | Place    | Note
-------+----------+-------------------------------------------
     0 | D:1      | Hubris850 the Vampire Enchanter began the quest for the
                  | Orb.
     0 | D:1      | Reached XP level 1. HP: 13/13 MP: 3/3
   128 | D:1      | Reached XP level 2. HP: 12/19 MP: 5/5
   503 | D:1      | Reached skill level 5 in Stealth
   818 | D:1      | Gained mutation: You are afflicted with vampirism and can
                  | become a bat while bloodless. [Vampire growth]
   818 | D:1      | Reached XP level 3. HP: 21/24 MP: 6/6
  1038 | D:2      | HP: 1/24 [adder (4)]
  1039 | D:2      | Succumbed to an adder's poison

Illustrated notes

Levels and vault maps discovered:
D:1:      dpeg_arrival_long_road, layout_basic
D:2:      layout_basic, basic_altar

Skill      XL: |  1  2 |
---------------+-------+-----
Stealth        | 5 |  5.2
Short Blades   | 2 |  2.1
Dodging        | |  2.9
Spellcasting   | |  2.0
Hexes          | |  4.4

Action                     || total
---------------------------++-------
  Melee: Dagger            ||    95
         Bite              ||     6
         Punch             ||     2
   Stab: Sleeping          ||     7
 Armour: Robe              ||    17
  Dodge: Dodged            ||    56

Table legend: (Time is in decaauts)
 A = Elapsed time spent in this place.
 B = Non-inter-level travel time spent in this place.
 C = Inter-level travel time spent in this place.
 D = Time resting spent in this place.
 E = Time spent auto-exploring this place.
 F = Levels seen in this place.
 G = Mean time per level.
                   A        B        C        D        E       F      G
               +--------+--------+--------+--------+--------+-----+--------+
         Total |   1030 |    967 |     63 |      0 |    749 |   2 |  515.0 |
       Dungeon |   1030 |    967 |     63 |      0 |    749 |   2 |  515.0 |
               +--------+--------+--------+--------+--------+-----+--------+

Top non-repeatable levels by time:
     D:1: 900 daAuts
     D:2: 130 daAuts
